[ AOE2 MATCH · #494152286 ]
UnrankedKoreans vs Khmer
Player's team · WIN
Rival team · LOSS
[ REPLAY ANALYSIS · EXTRACTED FROM THE RECORDED GAME ]
Feudal
9:52
Castle
24:15
Imperial
—
| APM avg | 32.5 |
| APM peak | 69 |
| eAPM avg | 12.3 |
| Villagers / military | 40 / 34 |
Focus
⚔️ 27.3% · 🌾 72.7%
Archer ×19 · Spearman ×11 · Skirmisher ×2 · Battering Ram ×2
Feudal
12:29
Castle
25:56
Imperial
—
| APM avg | 13.5 |
| APM peak | 27 |
| eAPM avg | 9.3 |
| Villagers / military | 52 / 13 |
Focus
⚔️ 12.4% · 🌾 87.6%
Spearman ×12 · Militia ×1
Match map
Initial resources + every placement click. Lines = walls · curves = elevation contours. ◆ gold · ⬟ stone · ● berries · ✦ relic · ◌ wall gap
Your base· Open — unwalled flank
bucci71's base· Open — unwalled flank
Smoothed initial terrain · ◌ = detected wall gap · hover for details
Inputs per minute
— Disagri - - bucci71
Build order — Disagri
119 actions detected in the replay
| 0:00 | Create | Villager (Male) |
| 0:01 | Create | Villager (Male) |
| 0:02 | Build | House |
| 0:04 | Build | House |
| 0:34 | Create | Villager (Male) |
| 0:34 | Create | Villager (Male) |
| 1:57 | Create | Villager (Male) |
| 2:04 | Research | Loom |
| 2:05 | Create | Villager (Male) |
| 3:07 | Create | Villager (Male) |
| 3:08 | Create | Villager (Male) |
| 3:47 | Build | House |
| 3:56 | Create | Villager (Male) |
| 4:26 | Create | Villager (Male) |
| 4:39 | Create | Villager (Male) |
| 4:56 | Create | Villager (Male) |
| 5:00 | Build | Mill |
| 5:08 | Build | Lumber Camp |
| 5:22 | Create | Villager (Male) |
| 5:23 | Create | Villager (Male) |
| 6:19 | Build | House |
| 6:50 | Create | Villager (Male) |
| 7:11 | Create | Villager (Male) |
| 7:38 | Build | Mining Camp |
| 7:42 | Research | Feudal Age |
| 7:42 | Research | Feudal Age |
| 8:34 | Build | Mining Camp |
| 9:52 | Age | Feudal Age |
| 10:03 | Build | Barracks |
| 10:11 | Create | Villager (Male) |
| 10:12 | Create | Villager (Male) |
| 10:25 | Research | Double-Bit Axe |
| 11:02 | Create | Villager (Male) |
| 11:02 | Create | Villager (Male) |
| 11:20 | Build | Archery Range |
| 11:27 | Build | House |
| 11:32 | Build | House |
| 11:35 | Create | Villager (Male) |
| 11:36 | Create | Villager (Male) |
| 11:48 | Build | Farm |
| 11:59 | Create | Archer |
| 12:00 | Create | Archer |
| 12:00 | Create | Archer |
| 12:21 | Create | Spearman |
| 12:40 | Build | Blacksmith |
| 12:55 | Create | Archer |
| 13:03 | Create | Archer |
| 13:13 | Create | Villager (Male) |
| 13:14 | Create | Villager (Male) |
| 13:14 | Create | Villager (Male) |
| 13:25 | Research | Fletching |
| 13:43 | Build | Watch Tower |
| 14:52 | Create | Archer |
| 14:52 | Create | Archer |
| 15:23 | Build | Farm |
| 15:24 | Build | Farm |
| 15:26 | Build | Farm |
| 15:26 | Build | Farm |
| 15:26 | Build | Farm |
| 15:31 | Create | Skirmisher |
| 15:32 | Create | Skirmisher |
| 15:38 | Create | Villager (Male) |
| 15:38 | Create | Villager (Male) |
| 15:42 | Build | Farm |
| 15:42 | Build | Farm |
| 15:44 | Build | Farm |
| 16:02 | Build | House |
| 16:25 | Build | Watch Tower |
| 17:00 | Create | Archer |
| 17:00 | Create | Archer |
| 17:07 | Create | Villager (Male) |
| 17:07 | Create | Villager (Male) |
| 17:07 | Create | Villager (Male) |
| 17:12 | Build | Farm |
| 17:12 | Build | Farm |
| 17:15 | Build | House |
| 17:20 | Build | House |
| 17:23 | Build | House |
| 18:47 | Build | Watch Tower |
| 19:00 | Create | Villager (Male) |
| 19:01 | Create | Villager (Male) |
| 19:01 | Create | Villager (Male) |
| 19:04 | Build | Farm |
| 19:04 | Build | Farm |
| 19:04 | Build | Farm |
| 19:05 | Build | Farm |
| 19:08 | Build | Farm |
| 19:08 | Build | Farm |
| 19:14 | Build | Farm |
| 20:08 | Create | Villager (Male) |
| 20:09 | Create | Villager (Male) |
| 20:11 | Build | Farm |
| 20:11 | Build | Farm |
| 20:54 | Build | Mining Camp |
| 21:03 | Build | Archery Range |
| 21:10 | Build | Barracks |
| 21:35 | Research | Castle Age |
| 22:21 | Create | Archer ×5 |
| 23:29 | Build | Watch Tower |
| 23:44 | Create | Spearman ×5 |
| 23:49 | Create | Archer |
| 23:49 | Create | Archer |
| 23:51 | Create | Archer |
| 23:51 | Create | Archer |
| 23:52 | Create | Archer |
| 24:15 | Age | Castle Age |
| 24:34 | Build | Siege Workshop |
| 24:56 | Build | House |
| 25:00 | Build | House |
| 25:02 | Build | House |
| 25:24 | Create | Battering Ram |
| 25:40 | Build | Barracks |
| 25:51 | Research | Bodkin Arrow |
| 25:58 | Create | Villager (Male) ×5 |
| 26:01 | Research | Gold Mining |
| 26:03 | Research | Bow Saw |
| 26:19 | Create | Spearman ×5 |
| 27:12 | Build | Lumber Camp |
| 28:04 | Create | Battering Ram |
Build order — bucci71
109 actions detected in the replay
| 0:04 | Build | House |
| 0:10 | Create | Villager (Male) |
| 0:10 | Create | Villager (Male) |
| 0:10 | Create | Villager (Male) |
| 0:11 | Create | Villager (Male) |
| 0:11 | Create | Villager (Male) |
| 0:11 | Create | Villager (Male) |
| 0:38 | Build | House |
| 0:41 | Build | House |
| 1:06 | Research | Loom |
| 2:01 | Create | Villager (Male) |
| 2:01 | Create | Villager (Male) |
| 2:22 | Create | Villager (Male) |
| 2:22 | Create | Villager (Male) |
| 3:10 | Create | Villager (Male) |
| 3:10 | Create | Villager (Male) |
| 3:10 | Create | Villager (Male) |
| 3:34 | Create | Villager (Male) |
| 3:35 | Create | Villager (Male) |
| 4:32 | Create | Villager (Male) |
| 4:32 | Create | Villager (Male) |
| 4:32 | Create | Villager (Male) |
| 5:08 | Build | Lumber Camp |
| 5:11 | Create | Villager (Male) |
| 5:11 | Create | Villager (Male) |
| 5:11 | Create | Villager (Male) |
| 5:20 | Build | House |
| 5:22 | Build | House |
| 5:26 | Build | House |
| 5:28 | Build | House |
| 5:31 | Build | House |
| 5:34 | Build | House |
| 5:39 | Create | Villager (Male) |
| 5:39 | Create | Villager (Male) |
| 5:40 | Create | Villager (Male) |
| 6:43 | Create | Villager (Male) |
| 6:43 | Create | Villager (Male) |
| 6:43 | Create | Villager (Male) |
| 6:44 | Create | Villager (Male) |
| 7:35 | Create | Villager (Male) |
| 7:36 | Create | Villager (Male) |
| 7:38 | Create | Villager (Male) |
| 7:57 | Build | Mill |
| 8:46 | Build | Mining Camp |
| 9:08 | Build | Barracks |
| 9:49 | Build | Farm |
| 9:57 | Build | Farm |
| 10:14 | Build | Farm |
| 10:19 | Research | Feudal Age |
| 12:04 | Build | Barracks |
| 12:29 | Age | Feudal Age |
| 12:30 | Create | Spearman |
| 12:30 | Create | Spearman |
| 12:30 | Create | Spearman |
| 12:33 | Research | Double-Bit Axe |
| 12:35 | Create | Villager (Male) |
| 12:48 | Build | Farm |
| 13:01 | Create | Spearman |
| 13:01 | Create | Spearman |
| 13:08 | Build | Watch Tower |
| 13:13 | Research | Wheelbarrow |
| 13:15 | Create | Villager (Male) |
| 13:16 | Create | Villager (Male) |
| 13:26 | Create | Spearman |
| 13:47 | Create | Spearman |
| 13:48 | Create | Spearman |
| 13:59 | Create | Spearman |
| 13:59 | Create | Spearman |
| 14:33 | Create | Villager (Male) |
| 15:11 | Build | Mining Camp |
| 15:26 | Build | Farm |
| 15:31 | Build | Farm |
| 15:35 | Create | Villager (Male) |
| 15:35 | Create | Villager (Male) |
| 15:35 | Create | Villager (Male) |
| 15:50 | Build | Farm |
| 16:06 | Create | Villager (Male) |
| 16:16 | Build | Farm |
| 16:32 | Create | Spearman |
| 16:49 | Build | Watch Tower |
| 17:01 | Build | Farm |
| 17:04 | Create | Spearman |
| 17:06 | Research | Man-at-Arms (upgrade) |
| 17:20 | Build | Mining Camp |
| 17:27 | Create | Villager (Male) |
| 17:27 | Create | Villager (Male) |
| 17:42 | Create | Militia |
| 17:51 | Build | Farm |
| 18:01 | Create | Villager (Male) |
| 18:01 | Create | Villager (Male) |
| 18:15 | Build | Market |
| 18:19 | Build | Farm |
| 18:33 | Create | Villager (Male) |
| 18:33 | Create | Villager (Male) |
| 19:00 | Research | Town Watch |
| 19:25 | Create | Villager (Male) |
| 19:25 | Create | Villager (Male) |
| 19:41 | Build | Farm |
| 19:49 | Build | Farm |
| 20:36 | Research | Horse Collar |
| 21:31 | Build | Mining Camp |
| 23:16 | Research | Castle Age |
| 25:56 | Age | Castle Age |
| 26:07 | Build | Castle |
| 26:11 | Create | Villager (Male) |
| 26:11 | Create | Villager (Male) |
| 26:11 | Create | Villager (Male) |
| 26:11 | Create | Villager (Male) |
| 26:12 | Create | Villager (Male) |
Match timeline
| 9:08 | bucci71 · first_building Barracks |
| 9:52 | Disagri · age_up feudal |
| 10:03 | Disagri · first_building Barracks |
| 11:20 | Disagri · first_building Archery Range |
| 12:29 | bucci71 · age_up feudal |
| 20:31 | bucci71 · first_market_buy 100 food |
| 20:42 | bucci71 · first_market_sell 100 stone |
| 24:15 | Disagri · age_up castle |
| 24:34 | Disagri · first_building Siege Workshop |
| 25:56 | bucci71 · age_up castle |
| 26:07 | bucci71 · first_building Castle |
| 28:32 | bucci71 · resign |
[ AI ANALYSIS · 1 CREDIT ]
What really happened in this match?
Wolo.gg analyzes every decision: build order, eco, micro, common mistakes by bracket. Personalized analysis on WhatsApp or Discord in 30 seconds.
Civ guide
Koreans
Perfil
Jugador #11686367